 Dungeon Crawl Stone Soup version 0.18-a0-1748-g7377c14 (webtiles) character file.

77 Ijustatesigmund the Skirmisher (level 4, -3/49 HPs)
             Began as an Ogre Hunter on Apr 12, 2016.
             Slain by a gnoll
             ... wielding a +0 spear
              (4 damage)
             ... on level 3 of the Dungeon.
             The game lasted 00:03:50 (1817 turns).

Ijustatesigmund the Skirmisher (Ogre Hunter)        Turns: 1817, Time: 00:03:50

Health: -3/49      AC:  3    Str: 17    XL:     4   Next: 34%
Magic:  4/4        EV: 10    Int: 10    God:
Gold:   114        SH:  0    Dex: 11    Spells: 0 memorised, 3 levels left

rFire  . . .     SeeInvis .     e - +0 whip
rCold  . . .     Gourm    .     b - +0 robe
rNeg   . . .     Faith    .     (no shield)
rPois  .         Spirit   .     (helmet restricted)
rElec  .         Dismiss  .     (no cloak)
rCorr  .         Reflect  .     (gloves unavailable)
SustAt .         Harm     .     (boots unavailable)
MR     .....                    (no amulet)
Stlth  +.........               (no ring)
                                (no ring)

@: very slightly contaminated, invisible, not resistant to hostile enchantments,
very unstealthy
A: unfitting armour, tough skin 1
a: no special abilities


You were on level 3 of the Dungeon.
You were not hungry.

You visited 1 branch of the dungeon, and saw 3 of its levels.

You collected 114 gold pieces.

Inventory:

Hand Weapons
 e - a +0 whip (weapon)
Missiles
 l - 2 tomahawks (quivered)
Armour
 b - a +0 robe (worn)
Scrolls
 k - 2 scrolls of teleportation
Potions
 g - a potion of flight
 h - a potion of cure mutation {unknown}
 i - a potion of invisibility
 j - a potion of brilliance {unknown}
Comestibles
 a - a chunk of flesh
 f - 4 bread rations


   Skills:
 + Level 4.9 Fighting
 + Level 3.0 Maces & Flails
 - Level 4.0 Throwing
 - Level 1.7 Dodging
 - Level 0.7 Stealth


You had 3 spell levels left.
You didn't know any spells.

Dungeon Overview and Level Annotations

Branches:
Dungeon (3/15)

Altars:


Innate Abilities, Weirdness & Mutations

You are too large for most types of armour.
You have tough skin (AC +1).


Message History

The gnoll hits you with a spear!
* * * LOW HITPOINT WARNING * * *
You closely miss the gnoll.
The gnoll is moderately wounded.
Things that are here:
a large rock; a club; a gnoll corpse You closely miss the gnoll.
The gnoll is moderately wounded.
The gnoll barely misses you.
You hit the gnoll but do no damage.
The gnoll is moderately wounded.
The gnoll hits you with a spear.
* * * LOW HITPOINT WARNING * * *
You closely miss the gnoll.
The gnoll is moderately wounded.
The gnoll barely misses you.
You whack the gnoll!
The gnoll is almost dead.
The gnoll hits you with a spear.
You die...

#......... #.........
###########.........
.....##.........####
##>[..........####
#...##.#.........#
#...##.#.####.##.#
#..<...#.#.....#.#
..#####@#.###)#.#.#.#.#
.......g..# #.#....<..#
#######.#####รท#.......##
#.................
#(#####.#.#.#...## #.#
#.#...#.#... .(....).#
#.#####.#..#
........#####...........
........+...........##..


You could see a gnoll.

Vanquished Creatures
  2 gnolls (D:3)
  An adder (D:2)
  2 worms (D:2)
  A dart slug (D:1)
  2 giant cockroaches
  7 goblins
  4 hobgoblins (D:1)
  5 jackals
  A quokka (D:3)
  3 bats (D:1)
  3 giant newts (D:2)
  5 kobolds
  3 rats (D:1)
39 creatures vanquished.

Notes
Turn   | Place    | Note
--------------------------------------------------------------
     0 | D:1      | Ijustatesigmund the Ogre Hunter began the quest for the Orb.
     0 | D:1      | Reached XP level 1. HP: 22/22 MP: 1/1
   188 | D:1      | Reached XP level 2. HP: 25/31 MP: 2/2
   444 | D:1      | Reached skill level 1 in Maces & Flails
   506 | D:1      | Reached XP level 3. HP: 38/39 MP: 3/3
  1348 | D:2      | Found a faded altar to an unknown god.
  1759 | D:3      | Reached XP level 4. HP: 47/49 MP: 4/4
  1815 | D:3      | HP: 1/49 [gnoll/spear (6)]
  1817 | D:3      | Slain by a gnoll

Vault maps used:
D:1:      lemuel_arrival_room, corexii_item_surrounded_by_moat,
          kennysheep_another_room, minmay_unequal
D:2:      nicolae_overflow_hidden_temple, ecumenical_altar_1
D:3:      marbit_many_paths, first_bread, minmay_goblin_outpost

Skill      XL: |  1  2  3  4 |
---------------+-------------+-----
Fighting       | 3 4 |  4.9
Maces & Flails | 1 2 3 |  3.0
Throwing       | |  4.0
Dodging        | |  1.7
Stealth        | |  0.7

Action                   |  1- 3 |  4- 6 || total
-------------------------+-------+-------++-------
Melee: Short sword       |    34 |       ||    34
       Whip              |   114 |    22 ||   136
Throw: Large rock        |     6 |     5 ||    11
       Throwing net      |     1 |     2 ||     3
  Use: Scroll            |     5 |       ||     5
       Potion            |       |     1 ||     1
 Stab: Held in net/web   |       |     1 ||     1
  Eat: Chunk             |     3 |       ||     3
Armor: Robe              |    48 |     1 ||    49
Dodge: Dodged            |    98 |    13 ||   111
